 Dungeon Crawl Stone Soup version 0.29-a0-275-g389c0b56f3 (webtiles) character file.

Game seed: 9598611531833984911

137 spaghetti the Sneak (level 5, -1/26 HPs)
             Began as a Vine Stalker Brigand on Mar 11, 2022.
             Slain by a gnoll
             ... wielding a +0 club
              (7 damage)
             ... on level 4 of the Dungeon.
             The game lasted 00:03:41 (2181 turns).

spaghetti the Sneak (Vine Stalker Brigand)          Turns: 2181, Time: 00:03:42

Health: -1/26      AC:  3    Str: 13    XL:     5   Next: 20%
Magic:  0/6        EV: 11    Int: 11    God:
Gold:   151        SH:  0    Dex: 18    Spells: 4/4 levels left

rFire   . . .      SeeInvis .   a - +3 dagger {short}
rCold   . . .      Faith    .   (no shield)
rNeg    . . .      Spirit   +   b - +0 robe
rPois   .          Reflect  .   (no helmet)
rElec   .          Harm     .   c - +0 cloak
rCorr   .          Rampage  .   (no gloves)
Will    .....                   (no boots)
Stlth   ++++......              g - amulet of regeneration {@e2}
HPRegen 1.68/turn               (no ring)
MPRegen 0.10/turn               (no ring)

@: no status effects
A: fangs 2, regeneration 1, magic shield, antimagic bite, no potion heal 2
a: no special abilities


You were on level 4 of the Dungeon.
You visited 1 branch of the dungeon, and saw 4 of its levels.

You collected 151 gold pieces.


Innate Abilities, Weirdness & Mutations

You have extremely sharp teeth.
Your natural rate of healing is unusually fast.
When hurt, damage is shared between your health and your magic reserves.
Your bite disrupts and absorbs the magic of your enemies.
Potions cannot restore your health.


   Skills:
 + Level 2.2 Fighting
 - Level 1.7 Short Blades
 - Level 1.7 Throwing
 - Level 0.7 Dodging
 - Level 7.8 Stealth


You had 4 spell levels left.
You didn't know any spells.
Your spell library contained the following spells:

 Spells                   Type           Power      Damage    Failure   Level
 Ignite Poison            Fire/Tmut/Pois 0%         N/A       71%         3
 Mephitic Cloud           Conj/Pois/Air  0%         N/A       71%         3
 Freezing Cloud           Conj/Ice/Air   0%         6-21      100%        5

Inventory:

Hand Weapons
 a - a +3 dagger (weapon) {short}
 i - a +2 whip of draining {mace}
   (You found it on level 4 of the Dungeon)
Missiles
 d - 10 poisoned darts {throwing}
 e - 3 curare-tipped darts {=fthrowing}
 j - 107 stones (quivered) {throwing}
 k - 4 boomerangs {throwing}
Armour
 b - a +0 robe (worn)
 c - a +0 cloak (worn)
Jewellery
 g - an amulet of regeneration (around neck) {@e2}
   (You found it on level 1 of the Dungeon)
Scrolls
 f - a scroll of amnesia {unknown}
Potions
 h - 3 potions of flight
 m - a potion of curing {unknown}
 n - a potion of resistance {unknown}

Dungeon Overview and Level Annotations

Branches:
Dungeon (4/15)
 Temple: D:4-7

Altars:
Dithmenos
Hepliaklqana
Vehumet

#.........#............#.
#.........#............+.
#.........#............#.
#.........+............#.
#........[#............#.
#.#####'###....#####+####
###......####### .....###
#......# ........
#.....@# ........
#.....g# #........
#.....g########........
#######)......#........
#....)..#....####
#.......#....# .
#.......+....# ..
#.......#....#.(.
#.......#....)(..


You could see 2 gnolls.


Message History

You throw a stone {throwing}.
The stone {throwing} hits the gnoll but does no damage.
You throw a stone {throwing}.
The stone {throwing} hits the gnoll but does no damage.
You barely miss the gnoll. You barely miss the gnoll. You punch the gnoll.
You closely miss the gnoll. You bite the gnoll, but do no damage.
The gnoll misses you. The gnoll barely misses you.
You hit the gnoll. The gnoll misses you. The gnoll barely misses you.
You closely miss the gnoll. You bite the gnoll.
You kill the gnoll!
The gnoll hits you from afar with a +0 halberd!
Your Fighting skill increases to level 2!
You are too injured to fight recklessly!
You are too injured to fight recklessly!
You are too injured to fight recklessly!
You are too injured to fight recklessly!
You are too injured to fight recklessly!
You are too injured to fight recklessly!
You are too injured to fight recklessly!
You are too injured to fight recklessly!
You are too injured to fight recklessly!
You are too injured to fight recklessly!
You are too injured to fight recklessly!
You are too injured to fight recklessly!
You are too injured to fight recklessly!
You are too injured to fight recklessly!
You are too injured to fight recklessly! 😮 HP[-10] MP[-2]
You take 10 damage, and now have 16/26 hp.
MASSIVE DAMAGE!! (PAUSE)
You lost 2 mp, and now have 4/6 mp.
You are too injured to fight recklessly!
Unknown command.
The gnoll attacks as you move away! The gnoll hits you with a +0 club.
* * * LOW HITPOINT WARNING * * *
😨 HP[-3] MP[-1]
You take 3 damage, and now have 13/26 hp.
You lost 1 mp, and now have 3/6 mp. 😮 HP[+2]
You regained 2 hp, and now have 15/26 hp.
The gnoll attacks as you move away! The gnoll closely misses you. 😮 HP[+2]
You regained 2 hp, and now have 17/26 hp.
There is an open door here. 😮 HP[+2]
You regained 2 hp, and now have 19/26 hp.
The gnoll attacks as you move away!
The gnoll hits you with a +0 club. 😮 HP[-3]
You take 3 damage, and now have 16/26 hp. 😮 HP[+2]
You regained 2 hp, and now have 18/26 hp. 😕 HP[+2]
You regained 2 hp, and now have 20/26 hp. 😕 HP[+1] 😕 HP[+2]
You regained 2 hp, and now have 23/26 hp. 😕 HP[+2] MP[+1]
You regained 2 hp, and now have 25/26 hp. 😎 HP[+1]
Your hp is fully restored (26).
You hit the gnoll. Your bite misses the gnoll.
The gnoll hits you from afar with a +0 halberd.
The gnoll closely misses you. 😕 HP[-6]
You take 6 damage, and now have 20/26 hp.
MASSIVE DAMAGE!! (PAUSE)
You hit the gnoll. You bite the gnoll. You drain its power.
You feel invigorated.
The gnoll hits you from afar with a +0 halberd! 😮 HP[-5]
You take 5 damage, and now have 15/26 hp.
You hit the gnoll but do no damage. Your bite misses the gnoll.
The gnoll closely misses you. x2 😮 HP[+2]
You regained 2 hp, and now have 17/26 hp.
You hit the gnoll. 😮 HP[+1]
You hit the gnoll. You bite the gnoll. You drain its power.
You feel invigorated. The gnoll hits you with a +0 club.
The gnoll barely misses you. 😮 HP[-1] MP[+1]
You take 1 damage, and now have 17/26 hp.
You hit the gnoll.
You kill the gnoll!
The gnoll hits you from afar with a +0 halberd!
* * * LOW HITPOINT WARNING * * *
😱 HP[-11] MP[-3]
You take 11 damage, and now have 6/26 hp.
MASSIVE DAMAGE!! (PAUSE)
You lost 3 mp, and now have 2/6 mp.
The gnoll attacks as you move away! The gnoll hits you with a +0 club.
* * * LOW HITPOINT WARNING * * *
😱 HP[-2] MP[-2]
You take 2 damage, and now have 4/26 hp.
You lost 2 mp, and now have 0/6 mp. 😱 HP[+2]
You regained 2 hp, and now have 6/26 hp.
The gnoll attacks as you move away! The gnoll hits you with a +0 club!
You die...

Skill      XL: |  1  2  3  4  5 |
---------------+----------------+-----
Stealth        | 5 6 7 |  7.8
Fighting       | 2 |  2.2
Short Blades   | |  1.7
Throwing       | |  1.7
Dodging        | |  0.7

Action                   |  1- 3 |  4- 6 || total
-------------------------+-------+-------++-------
Melee: Dagger            |    53 |    38 ||    91
       Bite              |    14 |    11 ||    25
       Punch             |     1 |     2 ||     3
Throw: Stone             |    52 |    41 ||    93
       Dart              |     6 |       ||     6
  Use: Potion            |     2 |     2 ||     4
       Scroll            |     3 |       ||     3
 Stab: Sleeping          |     7 |       ||     7
Armor: Robe              |     9 |     1 ||    10
Dodge: Dodged            |    24 |    21 ||    45

Levels and vault maps discovered:
D:1:      nzn_arrival_crosshair, layout_basic, serial_bayou_ford_a,
          minmay_misc_feat_iff, chequers_serial_rivers_room_a
D:2:      kennysheep_the_goblin_king, layout_basic, basic_ecumenical_altar
D:3:      layout_loops_ring, mainiacjoe_overflow_tiny_flanked,
          nicolae_dithmenos_through_a_glass_darkly, fiery_altar_vehumet,
          minmay_box_of_dots
D:4:      layout_gridville

Notes
Turn   | Place    | Note
-------+----------+-------------------------------------------
     0 | D:1      | spaghetti the Vine Stalker Brigand began the quest for the
                  | Orb.
     0 | D:1      | Reached XP level 1. HP: 11/11 MP: 2/2
     0 | D:1      | magus.rc [v1.9.6]
    23 | D:2      | Reached skill level 5 in Stealth
    23 | D:2      | Reached XP level 2. HP: 15/15 MP: 3/3
   512 | D:1      | You add the spells Ignite Poison, Mephitic Cloud and
                  | Freezing Cloud to your library.
   620 | D:1      | Reached skill level 6 in Stealth
   837 | D:2      | HP: 3/15 [poisoned by an adder]
   840 | D:2      | Reached XP level 3. HP: 2/18 MP: 0/4
   842 | D:1      | HP: 2/18 [poisoned by an adder]
  1153 | D:2      | Found a faded altar of an unknown god.
  1243 | D:3      | Found a shadowy altar of Dithmenos.
  1262 | D:3      | Found a hazy altar of Hepliaklqana.
  1469 | D:3      | Found a radiant altar of Vehumet.
  1526 | D:3      | Gained mutation: Your natural rate of healing is unusually
                  | fast. [Vine Stalker growth]
  1526 | D:3      | Reached XP level 4. HP: 23/23 MP: 5/5
  1590 | D:3      | Reached skill level 7 in Stealth
  1959 | D:4      | HP: 4/23 [gnoll/+0 flail (9)]
  1962 | D:4      | HP: 1/23 [gnoll/+0 flail (7)]
  2081 | D:4      | Reached XP level 5. HP: 26/26 MP: 6/6
  2161 | D:4      | Reached skill level 2 in Fighting
  2178 | D:4      | HP: 6/26 [gnoll/+0 halberd (12)]
  2179 | D:4      | HP: 2/26 [gnoll/+0 club (4)]
  2181 | D:4      | Slain by a gnoll

Vanquished Creatures
  3 adders
  6 gnolls (D:4)
  A worm (D:2)
  An orc (D:3)
  6 ball pythons
  5 bats
  4 endoplasms
  3 giant cockroaches
  4 goblins
  2 hobgoblins
  2 kobolds
  3 quokkas
  6 frilled lizards
  4 rats
50 creatures vanquished.

Vanquished Creatures (others)
  A bat (D:3)
1 creature vanquished.

Grand Total: 51 creatures vanquished

Table legend:
 A = Non-vault XP
 B = Vault XP
 C = Vault XP percentage of total XP
 D = Non-vault monster count
 E = Vault monster count
 F = Vault count percentage of total count
                 A         B        C        D         E       F
            +---------+---------+-------+---------+---------+-------
      Total |     192 |       5 |   2.5 |      47 |       3 |   6.0
            +---------+---------+-------+---------+---------+-------
        D:1 |      19 |       0 |   0.0 |      11 |       0 |   0.0
        D:2 |      47 |       0 |   0.0 |      13 |       0 |   0.0
        D:3 |      25 |       5 |  16.7 |      15 |       3 |  16.7
        D:4 |     101 |       0 |   0.0 |       8 |       0 |   0.0
            +---------+---------+-------+---------+---------+-------

Illustrated notes

Table legend:
 A = Kills in this place as a percentage of kills in entire the game.
 B = Kills by you in this place as a percentage of kills by you in the entire game.
 C = Kills by friends in this place as a percentage of kills by friends in the entire game.
 D = Other kills in this place as a percentage of other kills in the entire game.
 E = Experience gained in this place as a percentage of experience gained in the entire game.
 F = Experience gained in this place divided by the number of levels of this place that you have seen.
                   A       B       C       D       E      F
               +-------+-------+-------+-------+-------+----------------------
         Total | 100.0 | 100.0 |   N/A |   N/A | 100.0 |  49.2
       Dungeon | 100.0 | 100.0 |   N/A |   N/A | 100.0 |  49.2
               +-------+-------+-------+-------+-------+----------------------

Table legend: (Time is in decaauts)
 A = Elapsed time spent in this place.
 B = Non-inter-level travel time spent in this place.
 C = Inter-level travel time spent in this place.
 D = Time resting spent in this place.
 E = Time spent auto-exploring this place.
 F = Levels seen in this place.
 G = Mean time per level.
                   A        B        C        D        E       F      G
               +--------+--------+--------+--------+--------+-----+--------+
         Total |   2170 |   2143 |     27 |     61 |   1667 |   4 |  542.5 |
       Dungeon |   2170 |   2143 |     27 |     61 |   1667 |   4 |  542.5 |
               +--------+--------+--------+--------+--------+-----+--------+

Top non-repeatable levels by time:
     D:1: 941 daAuts
     D:3: 712 daAuts
     D:2: 272 daAuts
     D:4: 242 daAuts
